 Dungeon Crawl Stone Soup version 0.31-a0-219-g8d62b2e7bb (webtiles) character file.

Game seed: 16936738178289512817

103 gelatine the Shooter (level 4, -4/34 HPs)
             Began as a Demonspawn Hunter on July 4, 2023.
             Was an Initiate of Makhleb.
             Slain by a gnoll bouda
             ... wielding a +0 club
              (7 damage)
             ... on level 3 of the Dungeon.
             The game lasted 00:04:09 (1341 turns).

gelatine the Shooter (Demonspawn Hunter)            Turns: 1341, Time: 00:04:10

Health: -4/34      AC:  3    Str: 11    XL:     4   Next: 51%
Magic:  5/5        EV: 13    Int: 11    God:    Makhleb [......]
Gold:   67         SH:  0    Dex: 20    Spells: 4/4 levels left

rFire   . . .        a - +0 shortbow
rCold   . . .        (shield currently unavailable)
rNeg    . . .        g - +0 robe
rPois   .            n - +0 helmet
rElec   .            (no cloak)
rCorr   .            (no gloves)
SInv    .            (no boots)
Will    .....        (no amulet)
Stlth   +++          (no ring)
HPRegen 0.25/turn    (no ring)
MPRegen 0.18/turn

%: no passive effects
@: no status effects
A: thin skeletal structure 1, magic regeneration
a: Renounce Religion


You were on level 3 of the Dungeon.
You worshipped Makhleb.
Makhleb was noncommittal.
You visited 1 branch of the dungeon, and saw 3 of its levels.

You collected 67 gold pieces.

Inventory:

Hand Weapons
 a - a +0 shortbow (weapon)
Armour
 c - a +0 leather armour
 g - a +0 robe (worn)
 n - a +0 helmet (worn)
Scrolls
 b - a scroll of butterflies
 f - 4 scrolls of identify {unknown}
 h - 4 scrolls of fog {unknown}
 i - a scroll of noise {unknown}
 j - a scroll of enchant weapon {unknown}
 l - a scroll of revelation {unknown}
 q - a scroll of teleportation {unknown}
Potions
 d - a potion of invisibility {unknown}
 e - a potion of curing {unknown}
 k - 2 potions of berserk rage {unknown}
 m - a potion of magic {unknown}
 o - a potion of degeneration {unknown}
 p - 2 potions of lignification {unknown}


   Skills:
 * Level 2.4 Fighting
 * Level 4.7 Ranged Weapons
 * Level 0.7 Armour
 * Level 2.2 Dodging
 + Level 1.0 Stealth
 * Level 0.9 Spellcasting


You had 4 spell levels left.
You didn't know any spells.
Your spell library contained the following spells:

 Spells                   Type           Power      Damage    Failure   Level
 Apportation              Tloc           0%         N/A       32%         1
 Necrotise                Necr           0%         1d4       32%         1
 Summon Small Mammal      Summ           0%         N/A       32%         1
 Ensorcelled Hibernation  Hex/Ice        0%         N/A       45%         2
 Gell's Gravitas          Tloc           0%         N/A       69%         3
 Spider Form              Tmut/Pois      0%         N/A       69%         3
 Teleport Other           Tloc           0%         N/A       69%         3
 Anguish                  Hex/Necr       0%         N/A       97%         4
 Dispersal                Tloc           0%         N/A       100%        6


Dungeon Overview and Level Annotations

Branches:
Dungeon (3/15)

Altars:
Makhleb

Shops:
D:1 [


Innate Abilities, Weirdness & Mutations

You have a somewhat thin skeletal structure. (Dex +2, Stealth+)
You regenerate magic rapidly.


Message History

The gnoll bouda barely misses you.
You shoot an arrow.
The arrow hits the gnoll bouda but does no damage.
The gnoll bouda is moderately wounded.
The gnoll bouda hits you but does no damage.
You shoot an arrow. The arrow hits the gnoll bouda.
The gnoll bouda is heavily wounded.
The gnoll bouda hits you with a +0 club.
You are too injured to fight recklessly!
You are too injured to fight recklessly!
You are too injured to fight recklessly!
You are too injured to fight recklessly!
You are too injured to fight recklessly!
You shoot an arrow.
The arrow barely misses the gnoll bouda.
The arrow hits the endoplasm.
The endoplasm is moderately wounded.
The gnoll bouda barely misses you.
You shoot an arrow. The arrow hits the gnoll bouda.
The gnoll bouda is heavily wounded.
The gnoll bouda hits you with a +0 club!
* * * LOW HITPOINT WARNING * * *
You shoot an arrow.
The arrow hits the gnoll bouda but does no damage.
The gnoll bouda is heavily wounded.
The gnoll bouda misses you.
You shoot an arrow.
The arrow barely misses the gnoll bouda.
The arrow barely misses the endoplasm.
The gnoll bouda hits you with a +0 club.
* * * LOW HITPOINT WARNING * * *
You shoot an arrow.
The arrow barely misses the gnoll bouda.
The arrow hits the endoplasm!
You kill the endoplasm!
Makhleb accepts your kill.
The gnoll bouda hits you with a +0 club.
* * * LOW HITPOINT WARNING * * *
The gnoll bouda hits you with a +0 club!
You die...

####....# ........# ##
+# #..### ###. .#
#....# #... .##
#.##.## ##...#..##
#####.##...
#..og#...#+#...'.####.
#..bg#.#......##.# #.
##@.##.##.###.# #.
####....###..# #.####.
+....####..)#+ #......
####....###..# #.####.
##..##)##.###.# #.
+#.#......##.# ##
#...#'#...+
#..##.#####
#.##...#..#


You could see a gnoll bouda, an orc, a goblin and a bat.

Vanquished Creatures
  Robin (D:2)
  3 adders (D:2)
  2 dart slugs
  4 bats
  4 endoplasms
  5 giant cockroaches
  7 goblins
  7 hobgoblins
  5 jackals
  3 quokkas
  3 ball pythons
  4 frilled lizards (D:1)
  5 kobolds
  4 rats
57 creatures vanquished.

Notes
Turn   | Place    | Note
-------+----------+-------------------------------------------
     0 | D:1      | gelatine the Demonspawn Hunter began the quest for the Orb.
     0 | D:1      | Reached XP level 1. HP: 16/16 MP: 1/1
   117 | D:1      | Found Jaun's Antique Armour Emporium.
   195 | D:1      | Gained mutation: You have a somewhat thin skeletal
                  | structure. (Dex +2, Stealth+) [demonic ancestry]
   195 | D:1      | Reached XP level 2. HP: 17/22 MP: 2/2
   262 | D:1      | Reached skill level 4 in Ranged Weapons
   387 | D:1      | You fall into a shaft and drop 1 floor!
   429 | D:2      | Reached XP level 3. HP: 25/27 MP: 4/4
   570 | D:2      | Reached skill level 1 in Stealth
   749 | D:2      | Found a burning altar of Makhleb.
   759 | D:2      | Became a worshipper of Makhleb the Destroyer
   927 | D:2      | Noticed Robin
   929 | D:2      | Gained mutation: You regenerate magic rapidly. [demonic
                  | ancestry]
   929 | D:2      | Reached XP level 4. HP: 34/34 MP: 5/5
   953 | D:2      | Killed Robin
  1341 | D:3      | Slain by a gnoll bouda

Illustrated notes

Levels and vault maps discovered:
D:1:      ncdulo_smallfort, layout_basic, serial_shops, shop, kennysheep_doodads
D:2:      layout_loops_ring, basic_altar, uniq_robin
D:3:      layout_basic, chequers_serial_rivers_small_3, minmay_pentangle

Skill      XL: |  1  2  3 |
---------------+----------+-----
Ranged Weapons | 4 |  4.7
Stealth        | 1 |  1.0
Dodging        | 2 |  2.2
Fighting       | |  2.4
Armour         | |  0.7
Spellcasting   | |  0.9

Action                     |  1- 3 |  4- 6 || total
---------------------------+-------+-------++-------
   Fire: Shortbow          |   105 |    51 ||   156
 Armour: Robe              |     5 |     3 ||     8
  Dodge: Dodged            |    26 |    21 ||    47

Table legend: (Time is in decaauts)
 A = Elapsed time spent in this place.
 B = Non-inter-level travel time spent in this place.
 C = Inter-level travel time spent in this place.
 D = Time resting spent in this place.
 E = Time spent auto-exploring this place.
 F = Levels seen in this place.
 G = Mean time per level.
                   A        B        C        D        E       F      G
               +--------+--------+--------+--------+--------+-----+--------+
         Total |   1368 |   1311 |     57 |      0 |   1005 |   3 |  456.0 |
       Dungeon |   1368 |   1311 |     57 |      0 |   1005 |   3 |  456.0 |
               +--------+--------+--------+--------+--------+-----+--------+

Top non-repeatable levels by time:
     D:2: 841 daAuts
     D:1: 395 daAuts
     D:3: 132 daAuts
